 Dungeon Crawl Stone Soup version 0.31-a0-18-gea43df2a32 (webtiles) character file.

Game seed: 10198215973951853483

53 MisterAzrael the Digger (level 3, -6/19 HPs)
             Began as a Deep Elf Earth Elementalist on May 12, 2023.
             Killed from afar by an orc wizard (9 damage)
             ... with a magic dart
             ... on level 2 of the Dungeon.
             The game lasted 00:00:59 (638 turns).

MisterAzrael the Digger (DEEE)                       Turns: 638, Time: 00:01:00

Health: -6/19      AC:  2    Str:  5    XL:     3   Next: 64%
Magic:  4/10       EV: 27    Int: 21    God:
Gold:   16         SH:  0    Dex: 15    Spells: 8/9 levels left

rFire   . . .        (no weapon)
rCold   . . .        (no shield)
rNeg    . . .        a - +0 robe
rPois   .            (no helmet)
rElec   .            (no cloak)
rCorr   .            (no gloves)
SInv    .            (no boots)
Will    .....        c - amulet of the acrobat
Stlth   +            (no ring)
HPRegen 0.23/turn    (no ring)
MPRegen 0.12/turn

%: acrobat
@: confused, acrobatic
A: no striking features
a: no special abilities


You were on level 2 of the Dungeon.
You visited 1 branch of the dungeon, and saw 2 of its levels.

You collected 16 gold pieces.

Inventory:

Armour
 a - a +0 robe (worn)
Jewellery
 c - an amulet of the acrobat (around neck)
Scrolls
 d - 2 scrolls of poison {unknown}
 e - a scroll of magic mapping {unknown}
 f - a scroll of blinking {unknown}
 g - a scroll of identify {unknown}
Potions
 b - a potion of magic


   Skills:
 - Level 2.4 Dodging
 - Level 2.4 Stealth
 + Level 3.7 Spellcasting
 + Level 2.1 Transmutations
 * Level 4.3 Earth Magic


You had 8 spell levels left.
You knew the following spells:

 Your Spells              Type           Power      Damage    Failure   Level
a - Sandblast             Erth           44%        2d11      1%          1

Your spell library contained the following spells:

 Spells                   Type           Power      Damage    Failure   Level
 Passwall                 Tmut/Erth      14%        N/A       4%          2
 Summon Small Mammal      Summ           12%        N/A       12%         1
 Stone Arrow              Conj/Erth      24%        3d8       16%         3
 Petrify                  Tmut/Erth      17%        N/A       32%         4
 Call Canine Familiar     Summ           3%         N/A       36%         3
 Summon Guardian Golem    Hex/Summ       3%         N/A       36%         3


Dungeon Overview and Level Annotations

Branches:
Dungeon (2/15)

Altars:
Gozag


Message History

You can't see any susceptible monsters within range! (Use Z to cast anyway.)
You can't see any susceptible monsters within range! (Use Z to cast anyway.)
The blast of sand hits the orc.
The orc is almost dead.
The orc shouts!
The orc wizard shouts!
The orc wizard casts a spell.
The orc wizard flickers and vanishes!
Deactivating autopickup; reactivate with Ctrl-A.
The blast of sand hits the orc!
You kill the orc!
The blast of sand hits the orc priest!
The orc priest is heavily wounded.
The blast of sand hits the orc priest!
You kill the orc priest!
A magic dart appears from out of thin air!
The magic dart hits you!
Ouch! That really hurt!
Your Transmutations skill increases to level 2!
Your Earth Magic skill increases to level 4!
You have reached level 3!
Your experience leads to an increase in your attributes!
Increase (S)trength, (I)ntelligence, or (D)exterity?
You feel clever. x2
Aiming: Sandblast (safe; 1% risk of failure)
Press: ? - help, Q - select action Shift-Dir - straight line
Aiming: Sandblast (safe; 1% risk of failure)
Press: ? - help, Q - select action Shift-Dir - straight line The blast of sand hits something!
Something barely misses you.
You hear some strange, mumbled words.
You are confused.
You closely miss something. Something hits you.
You're too confused to cast spells.
You hear some strange, mumbled words.
A puff of flame appears from out of thin air!
The puff of flame hits you.
* * * LOW HITPOINT WARNING * * *
A magic dart appears from out of thin air!
The magic dart hits you!
You die...

#..###.......##
#.............##
#.####.........#
#.# ###.......#
#.# #.......#
#.# ###..._..#
#.# #........#
#. #.#......# #.
#.#@...###
#.#### #.# #{#
#)# #)# #.# #.#
...


There were no monsters in sight!

Vanquished Creatures
  An orc priest (D:2)
  A dart slug (D:1)
  An orc (D:2)
  A ball python (D:1)
  2 bats (D:1)
  2 endoplasms (D:1)
  3 goblins (D:1)
  3 hobgoblins (D:1)
  A quokka (D:1)
  A frilled lizard (D:1)
  3 kobolds (D:1)
19 creatures vanquished.

Notes
Turn   | Place    | Note
-------+----------+-------------------------------------------
     0 | D:1      | MisterAzrael the Deep Elf Earth Elementalist began the
                  | quest for the Orb.
     0 | D:1      | Reached XP level 1. HP: 10/10 MP: 6/6
   158 | D:1      | Reached XP level 2. HP: 13/15 MP: 2/8
   608 | D:2      | Found an opulent altar of Gozag.
   634 | D:2      | Reached skill level 4 in Earth Magic
   634 | D:2      | Reached XP level 3. HP: 10/19 MP: 5/10
   638 | D:2      | Killed from afar by an orc wizard

Illustrated notes

Levels and vault maps discovered:
D:1:      scummos_arrival_simple_fountains, layout_rooms, feat_on_display
D:2:      layout_loops_ring, hellmonk_ecumenical_altar_heavens_door, basic_altar

Skill      XL: |  1  2 |
---------------+-------+-----
Transmutations | 2 |  2.1
Earth Magic    | 4 |  4.3
Dodging        | |  2.4
Stealth        | |  2.4
Spellcasting   | |  3.7

Action                     || total
---------------------------++-------
  Melee: Unarmed           ||     2
   Cast: Sandblast         ||    26
 Armour: Robe              ||     1
  Dodge: Dodged            ||     4

Table legend: (Time is in decaauts)
 A = Elapsed time spent in this place.
 B = Non-inter-level travel time spent in this place.
 C = Inter-level travel time spent in this place.
 D = Time resting spent in this place.
 E = Time spent auto-exploring this place.
 F = Levels seen in this place.
 G = Mean time per level.
                   A        B        C        D        E       F      G
               +--------+--------+--------+--------+--------+-----+--------+
         Total |    650 |    631 |     19 |      0 |    510 |   2 |  325.0 |
       Dungeon |    650 |    631 |     19 |      0 |    510 |   2 |  325.0 |
               +--------+--------+--------+--------+--------+-----+--------+

Top non-repeatable levels by time:
     D:1: 610 daAuts
     D:2: 40 daAuts
